 Dungeon Crawl Stone Soup version 0.29.1-12-g30fa7ad0bf (webtiles) character file.

Game seed: 5643263941489079176

84 bnorton916 the Magician (level 4, 0/24 HPs)
             Began as a Deep Elf Fire Elementalist on Jan 2, 2023.
             Slain by a gnoll
             ... wielding a +0 whip
              (4 damage)
             ... on level 2 of the Dungeon.
             The game lasted 00:02:35 (2677 turns).

bnorton916 the Magician (DEFE)                      Turns: 2677, Time: 00:02:36

Health: 0/24       AC:  3    Str:  5    XL:     4   Next: 23%
Magic:  11/12      EV: 12    Int: 22    God:
Gold:   47         SH:  0    Dex: 15    Spells: 8/11 levels left

rFire   . . .      SeeInvis .   g - +1 dagger (flame)
rCold   . . .      Faith    .   (no shield)
rNeg    . . .      Spirit   .   a - +0 robe
rPois   .          Reflect  .   (no helmet)
rElec   .          Harm     .   (no cloak)
rCorr   .          Rampage  .   d - +0 pair of gloves
Will    .....                   (no boots)
Stlth   ++........              (no amulet)
HPRegen 0.08/turn               (no ring)
MPRegen 0.13/turn               (no ring)

@: no status effects
A: no striking features
a: no special abilities


You were on level 2 of the Dungeon.
You visited 1 branch of the dungeon, and saw 2 of its levels.

You collected 47 gold pieces.

Inventory:

Hand Weapons
 g - a +1 dagger of flaming (weapon)
Missiles
 e - 19 stones
Armour
 a - a +0 robe (worn)
 d - a +0 pair of gloves (worn)
 m - a +0 ring mail of poison resistance
Jewellery
 n - a ring of wizardry
Scrolls
 f - 3 scrolls of identify {unknown}
 h - a scroll of enchant weapon {unknown}
 i - 2 scrolls of teleportation {unknown}
 l - a scroll of poison {unknown}
 q - a scroll of noise {unknown}
 r - a scroll of immolation {unknown}
Potions
 c - a potion of curing {unknown}
 j - a potion of flight {unknown}
 o - a potion of resistance {unknown}
 p - a potion of haste {unknown}


   Skills:
 - Level 2.4 Dodging
 - Level 2.4 Stealth
 + Level 4.2 Spellcasting
 + Level 2.7 Conjurations
 + Level 4.2 Fire Magic


You had 8 spell levels left.
You knew the following spells:

 Your Spells              Type           Power      Damage    Failure   Level
a - Foxfire               Conj/Fire      76%        2x1d7     2%          1
b - Scorch                Fire           46%        2d7       3%          2

Your spell library contained the following spells:

 Spells                   Type           Power      Damage    Failure   Level
 Conjure Flame            Conj/Fire      19%        6-21      8%          3
 Inner Flame              Hex/Fire       14%        N/A       14%         3
 Flame Wave               Conj/Fire      19%        2d7       26%         4


Dungeon Overview and Level Annotations

Branches:
Dungeon (2/15)

Altars:

Shops:
D:1 (


Message History

You don't have enough magic to cast this spell.
Unknown command.
Unknown command.
Unknown command.
It was a potion of heal wounds.
You feel much better.
The gnoll hits you from afar with a +0 spear.
The gnoll hits you with a +0 whip!
You feel much better.
The gnoll is no longer more vulnerable to fire.
The gnoll hits you from afar with a +0 spear.
The gnoll barely misses you. The gnoll completely misses you.
You see here an adder skeleton.
The gnoll attacks as you move away! The gnoll closely misses you.
Casting: Scorch (safe; 3% risk of failure)
Confirm with . or Enter, or press ? or * to list all spells.
You don't have enough magic to cast this spell.
Magic courses through your body.
The gnoll hits you from afar with a +0 spear.
The gnoll hits you with a +0 whip.
* * * LOW HITPOINT WARNING * * *
Casting: Scorch (safe; 3% risk of failure)
Confirm with . or Enter, or press ? or * to list all spells.
You conjure some foxfire!
The gnoll misses you. The gnoll barely misses you.
The foxfire hits the gnoll.
The gnoll is heavily wounded.
The foxfire hits the gnoll.
The gnoll is moderately wounded.
The gnoll hits you but does no damage.
The gnoll hits you from afar with a +0 spear.
* * * LOW HITPOINT WARNING * * *
Casting: Foxfire (safe; 2% risk of failure)
Confirm with . or Enter, or press ? or * to list all spells.
You conjure some foxfire!
The gnoll barely misses you. x2
The foxfire hits the gnoll but does no damage.
The gnoll is heavily wounded.
The foxfire hits the gnoll but does no damage.
The gnoll is heavily wounded.
The gnoll hits you with a +0 whip.
You die...

...#.# #.......#...#.......#
##.#># #.......'...÷.......#
##.#.# #.......#÷..#.......#
##.#.####.....##...##.....##
#.#.#..##...###...###...##
#.#.....##### #...# #####
##.###..##...###...###...##
...# ####.....##§..##.....##
#### #.......#@..#.......#
.#######.......'g..'.......#
.##....#.......#.g.#.......#
.##.#####.....##÷.)##.....##
.>......##...###...###...##
..#.##...##### #...# #####
..#.##.###...###[..###...##
.......##.....##...##.....##
..#....#.......#...#.......#


You could see 2 gnolls.

Vanquished Creatures
  2 gnolls (D:2)
  3 adders (D:2)
  A dart slug (D:2)
  An orc (D:2)
  3 bats
  3 endoplasms (D:1)
  A giant cockroach (D:1)
  3 goblins
  4 hobgoblins
  3 jackals (D:2)
  5 ball pythons
  A frilled lizard (D:2)
  3 kobolds
  3 rats
36 creatures vanquished.

Vanquished Creatures (others)
  138 foxfires
138 creatures vanquished.

Grand Total: 174 creatures vanquished

Notes
Turn   | Place    | Note
-------+----------+-------------------------------------------
     0 | D:1      | bnorton916 the Deep Elf Fire Elementalist began the quest
                  | for the Orb.
     0 | D:1      | Reached XP level 1. HP: 10/10 MP: 6/6
   668 | D:1      | Reached XP level 2. HP: 15/15 MP: 6/8
   853 | D:1      | Found a faded altar of an unknown god.
   965 | D:1      | Found Judovar's Weapon Boutique.
  1991 | D:1      | Learned a level 2 spell: Scorch
  2163 | D:2      | Reached XP level 3. HP: 19/19 MP: 7/10
  2641 | D:2      | Reached XP level 4. HP: 24/24 MP: 4/12
  2666 | D:2      | HP: 1/24 [gnoll/+0 spear (3)]
  2677 | D:2      | Slain by a gnoll

Illustrated notes

Levels and vault maps discovered:
D:1:      co_arrival_square_in_a_square_in_a_square, layout_loops_ring,
          nicolae_ecumenical_snake_handling, serial_shops, shop
D:2:      kennysheep_six_static_rooms, layout_loops_ring

Skill      XL: |  1  2  3 |
---------------+----------+-----
Conjurations   | 2 |  2.7
Fire Magic     | 4 |  4.2
Spellcasting   | 4 |  4.2
Dodging        | |  2.4
Stealth        | |  2.4

Action                   |  1- 3 |  4- 6 || total
-------------------------+-------+-------++-------
 Cast: Foxfire           |    83 |     5 ||    88
       Scorch            |     4 |     2 ||     6
  Use: Potion            |       |     3 ||     3
Armor: Robe              |     6 |     1 ||     7
Dodge: Dodged            |    21 |    10 ||    31
